[Event "Team 45 45 League T56"]
[Site "Internet Chess Club"]
[Date "2013.03.03"]
[Round "2"]
[White "Conjurer"]
[Black "globulon"]
[Result "1-0"]
[WhiteElo "1474"]
[BlackElo "1289"]
[Opening "English: symmetrical variation"]
[ECO "A36"]
[Time "11:01:09"]
[TimeControl "2700+45"]

1. c4 c5 2. Nc3 Nc6 3. g3 Nf6 4. Bg2 e6 5. Nf3 d5 6. cxd5 exd5 7. O-O Be7 8. a3
O-O 9. d4 Be6 10. Bf4 Qc8 11. dxc5 Bxc5 12. e3 Bh3 13. Nxd5 Rd8 14. Nxf6+ gxf6
15. Qc2 Bb6 16. Rac1 Bxg2 17. Kxg2 Qe6 18. Bh6 Rac8 19. Qa4 Rd5 20. Rc4 Rh5 21.
Rg4+ Kh8 22. Bg7+ Kg8 23. Bxf6+ Kf8 24. Qb4+ Ke8 25. Rg8+ Kd7 26. Qd2+ Kc7 27.
Rxc8+ Kxc8 28. Bh4 Bd8 29. h3 Bxh4 30. Nxh4 Ne7 31. Rc1+ Kb8 32. Qd8+ Nc8 33. g4
Rd5 34. Qc7+ Ka8 35. Qxc8+ Qxc8 36. Rxc8# {Black checkmated} 1-0

[Event "Team 45 45 League T56"]
[Site "Internet Chess Club"]
[Date "2013.03.03"]
[Round "2"]
[White "jjaco"]
[Black "guyd52"]
[Result "0-1"]
[WhiteElo "1149"]
[BlackElo "1343"]
[Opening "King's pawn opening"]
[ECO "B07"]
[Time "20:00:16"]
[TimeControl "2700+45"]

1. e4 d6 2. Nf3 Nf6 3. d3 g6 4. Nc3 Bg7 5. Be2 O-O 6. O-O e5 7. Bg5 Be6 8. Qd2
c5 9. Nd5 b5 10. c4 Bxd5 11. cxd5 b4 12. b3 Qd7 13. a4 bxa3 14. Rxa3 Qb5 15.
Bxf6 Bxf6 16. d4 Qb4 17. Qxb4 cxb4 18. Raa1 exd4 19. Rac1 a6 20. Bd3 Rd8 21. h4
h5 22. g3 Nd7 23. Ng5 Nc5 24. Be2 Nxb3 25. Rc7 Bxg5 26. hxg5 Nd2 27. Rfc1 Nxe4
28. R1c4 a5 29. Rxd4 Nc3 30. Bd3 a4 31. Rf4 Nxd5 32. Bc4 Nxc7 33. Rxf7 d5 34.
Bd3 Kxf7 {White resigns} 0-1

[Event "Team 45 45 League T56"]
[Site "Internet Chess Club"]
[Date "2013.03.04"]
[Round "2"]
[White "kirkig"]
[Black "Sanjaya"]
[Result "0-1"]
[WhiteElo "1041"]
[BlackElo "1077"]
[Opening "Queen's pawn"]
[ECO "A40"]
[Time "19:00:25"]
[TimeControl "2700+45"]

1. d4 f6 2. c4 d5 3. Nc3 dxc4 4. e4 Nc6 5. Nf3 Bg4 6. Be3 e5 7. Be2 Bxf3 8. gxf3
exd4 9. f4 dxc3 10. bxc3 Qxd1+ 11. Rxd1 b5 12. e5 fxe5 13. Bf3 Nge7 14. Bc5 Rd8
15. O-O Na5 16. fxe5 Rxd1 17. Rxd1 Nec6 18. Bxf8 Rxf8 19. Bh1 Ke7 20. Rf1 Nxe5
21. Re1 Kd6 22. Rd1+ Nd3 23. Rb1 Nxf2 24. Bg2 Rf6 {White resigns} 0-1

[Event "Team 45 45 League T56"]
[Site "Internet Chess Club"]
[Date "2013.03.02"]
[Round "2"]
[White "theartist"]
[Black "wekabird"]
[Result "1-0"]
[WhiteElo "1124"]
[BlackElo "1106"]
[Opening "QGD: semi-Slav, Marshall gambit"]
[ECO "D10"]
[Time "17:01:13"]
[TimeControl "2700+45"]

1. d4 d5 2. c4 c6 3. Nc3 e6 4. e4 dxe4 5. Nxe4 Be7 6. Nf3 Nf6 7. Bd3 Nxe4 8.
Bxe4 O-O 9. O-O g6 10. Be3 f5 11. Bc2 b6 12. Qd2 Ba6 13. b3 b5 14. c5 Nd7 15. b4
Nf6 16. Ne5 Qc7 17. f3 Rad8 18. Bb3 Bc8 19. Bh6 Rfe8 20. Qf4 Nd5 21. Bxd5 Rxd5
22. Rfe1 Bf6 23. Rad1 Bxe5 24. dxe5 Red8 25. Qc1 Rxd1 26. Rxd1 Rd5 27. Rxd5 cxd5
28. Qc3 Qc6 29. Qa3 a6 30. Be3 Bb7 31. Bd4 Qc7 32. f4 Qc6 33. Qa5 h6 34. h4 Kg7
35. Qd8 Qc8 36. Qf6+ Kg8 37. Qxg6+ Kf8 38. Qxh6+ Ke7 39. Qg7+ Kd8 40. Qf8+ Kc7
41. Qxc8+ Bxc8 42. h5 Kd7 43. h6 Ke7 44. h7 a5 45. h8=Q axb4 46. Qxc8 b3 {Black
resigns} 1-0

[Event "Team 45 45 League T56"]
[Site "Internet Chess Club"]
[Date "2013.03.01"]
[Round "2"]
[White "kevinbliu"]
[Black "QuieroAprender"]
[Result "1-0"]
[WhiteElo "1598"]
[BlackElo "1617"]
[Opening "Ruy Lopez: open, classical defense"]
[ECO "C83"]
[Time "19:08:18"]
[TimeControl "2700+45"]

1. e4 e5 2. Nf3 Nc6 3. Bb5 a6 4. Ba4 Nf6 5. O-O Nxe4 6. d4 b5 7. Bb3 d5 8. dxe5
Be6 9. c3 Be7 10. Be3 O-O 11. Nbd2 Nc5 12. Bc2 Nd7 13. Bf4 f5 14. exf6 Rxf6 15.
Bg3 Bg4 16. h3 Bh5 17. Re1 h6 18. Qe2 Bc5 19. Qd3 Nb6 20. Qh7+ Kf8 21. Ne5 Bxf2+
22. Bxf2 Nxe5 23. Bc5+ Kf7 24. Rxe5 Bg6 25. Re7+ Qxe7 26. Bxg6+ Rxg6 27. Bxe7
Re8 28. Rf1+ {Black resigns} 1-0

[Event "Team 45 45 League T56"]
[Site "Internet Chess Club"]
[Date "2013.03.02"]
[Round "2"]
[White "Marcosm06"]
[Black "SATELLITE-DAN"]
[Result "1-0"]
[WhiteElo "1681"]
[BlackElo "1508"]
[Opening "two knights defense: Bogolyubov variation"]
[ECO "C58"]
[Time "15:00:51"]
[TimeControl "2700+45"]

1. e4 e5 2. Nf3 Nc6 3. Bc4 Nf6 4. Ng5 d5 5. exd5 Na5 6. Bb5+ c6 7. dxc6 bxc6 8.
Qf3 Bb7 9. Bd3 h6 10. Ne4 c5 11. Nxf6+ gxf6 12. Bb5+ Ke7 13. Qg3 {Black forfeits
on time} 1-0

[Event "Team 45 45 League T56"]
[Site "Internet Chess Club"]
[Date "2013.03.02"]
[Round "2"]
[White "dabodhi"]
[Black "laotse"]
[Result "0-1"]
[WhiteElo "1358"]
[BlackElo "1465"]
[Opening "Sicilian: closed"]
[ECO "B23"]
[Time "14:00:46"]
[TimeControl "2700+45"]

1. e4 c5 2. Nc3 d6 3. g3 Nc6 4. Bg2 e5 5. Nge2 Nf6 6. O-O Bg4 7. Qe1 Nb4 8. Qd1
Be7 9. a3 Nc6 10. f3 Be6 11. d3 O-O 12. f4 exf4 13. Nxf4 Bg4 14. Qe1 Nd4 15. Rf2
Qd7 16. Ncd5 Rae8 17. c3 Nb3 18. Rb1 Nxc1 19. Qxc1 Bd8 20. h3 Nxd5 21. exd5 Bf5
22. Kh2 h6 23. Qd2 Re5 24. Rbf1 Rfe8 25. d4 cxd4 26. cxd4 Re3 27. g4 Bh7 28. Nh5
Bg5 29. Qd1 R8e7 30. Nf4 Qe8 31. Nh5 Re1 32. Rxe1 Rxe1 33. Qf3 Re3 34. Qd1 Bh4
35. Rf4 Bg6 36. Nxg7 Kxg7 37. b4 Bg3+ 38. Kh1 Bxf4 {White resigns} 0-1

[Event "Team 45 45 League T56"]
[Site "Internet Chess Club"]
[Date "2013.03.01"]
[Round "2"]
[White "ticopatzer"]
[Black "Helaman"]
[Result "0-1"]
[WhiteElo "1677"]
[BlackElo "1827"]
[Opening "Grünfeld defense"]
[ECO "D80"]
[Time "18:03:05"]
[TimeControl "2700+45"]

1. d4 Nf6 2. c4 g6 3. Nc3 d5 4. g3 Bg7 5. Bg2 c6 6. cxd5 cxd5 7. Bg5 Nc6 8. e3
Ne4 9. Nxe4 dxe4 10. Bxe4 Qa5+ 11. Qd2 Qxg5 12. Qc3 Bd7 13. Nf3 Qf6 14. Rc1 O-O
15. Qb3 Rab8 16. O-O Rfc8 17. Rc5 b6 18. Rc3 Na5 19. Qa3 Rxc3 20. bxc3 Rc8 21.
Ne5 Bc6 22. Bxc6 Nxc6 23. Nxc6 Rxc6 24. Rc1 e5 25. d5 Rc4 26. Qxa7 Qd6 27. Qa8+
Bf8 28. f3 Qc5 29. Kf2 Rxc3 30. Rxc3 Qxc3 31. e4 Qb2+ 32. Kg1 Kg7 33. Qc6 Bc5+
34. Kh1 Qf2 35. a4 Qg1# {White checkmated} 0-1

[Event "Team 45 45 League T56"]
[Site "Internet Chess Club"]
[Date "2013.02.28"]
[Round "2"]
[White "badmove"]
[Black "JWB"]
[Result "1/2-1/2"]
[WhiteElo "1650"]
[BlackElo "1662"]
[Opening "Grünfeld: 5.Bg5"]
[ECO "D91"]
[Time "08:14:32"]
[TimeControl "2700+45"]

1. d4 Nf6 2. c4 g6 3. Nc3 d5 4. Nf3 Bg7 5. Bg5 Ne4 6. Bh4 Nxc3 7. bxc3 c5 8.
cxd5 cxd4 9. cxd4 Qa5+ 10. Qd2 Qxd5 11. e3 Nc6 12. Be2 O-O 13. O-O e5 14. dxe5
Qxd2 15. Nxd2 Nxe5 16. Rab1 Be6 17. Rxb7 Bxa2 18. Rc1 {Game drawn by mutual
agreement} 1/2-1/2

[Event "Team 45 45 League T56"]
[Site "Internet Chess Club"]
[Date "2013.03.03"]
[Round "2"]
[White "julesraider"]
[Black "ILRE"]
[Result "0-1"]
[WhiteElo "1541"]
[BlackElo "1644"]
[Opening "QGD: exchange, positional line"]
[ECO "D35"]
[Time "19:01:07"]
[TimeControl "2700+45"]

1. d4 Nf6 2. c4 e6 3. Nc3 d5 4. cxd5 exd5 5. Bg5 Be7 6. e3 O-O 7. Bd3 c6 8. Qc2
Nbd7 9. Nf3 Re8 10. O-O Nf8 11. Rab1 g6 12. b4 a6 13. a4 Ne6 14. Bxf6 Bxf6 15.
b5 cxb5 16. axb5 a5 17. b6 Ng5 18. Nd2 h5 19. Na4 Ne6 20. Nb3 Be7 21. Nbc5 Bd6
22. Bb5 Rf8 23. Rfd1 Kg7 24. e4 dxe4 25. Nxe4 Bb4 26. g3 Ng5 27. Nxg5 Qxg5 28.
Qe2 Bg4 29. f3 Bxf3 30. Qxf3 Qxb5 31. Qb3 Qg5 32. Rbc1 h4 33. Nc5 Rfe8 34. Rf1
Qe3+ 35. Qxe3 Rxe3 36. Nxb7 Rb8 37. Rc7 hxg3 38. Rfxf7+ Kh6 39. Rh7+ Kg5 40. h4+
Kg4 41. Rcg7 Kh3 42. Rf7 Re1+ 43. Rf1 Rxf1+ 44. Kxf1 Rf8+ 45. Kg1 g2 46. Nd6
Rf1# {White checkmated} 0-1

[Event "Team 45 45 League T56"]
[Site "Internet Chess Club"]
[Date "2013.03.03"]
[Round "2"]
[White "PaulRichard"]
[Black "rayngrant"]
[Result "1/2-1/2"]
[WhiteElo "1525"]
[BlackElo "1571"]
[Opening "Ruy Lopez: exchange variation, 5.O-O"]
[ECO "C68"]
[Time "20:02:49"]
[TimeControl "2700+45"]

1. e4 e5 2. Nf3 Nc6 3. Bb5 a6 4. Bxc6 dxc6 5. O-O Bg4 6. h3 Bxf3 7. Qxf3 Qf6 8.
Qxf6 Nxf6 9. d3 h6 10. Be3 O-O-O 11. Nd2 b5 12. Nb3 Nd7 13. a4 b4 14. Na5 Nb8
15. Ba7 Kd7 16. Nb7 Re8 17. Nc5+ Bxc5 18. Bxc5 a5 19. f4 Na6 20. Be3 exf4 21.
Rxf4 f6 22. Rf5 Re5 23. Raf1 Rhe8 24. Bd4 Rxf5 25. Rxf5 c5 26. Bxc5 Nxc5 27.
Rxc5 Re5 28. Rxe5 fxe5 29. Kf2 g5 30. Ke3 c5 31. c3 bxc3 32. bxc3 Kc6 33. d4 Kd6
34. dxc5+ Kxc5 35. Kd3 h5 36. g3 g4 37. h4 Kb6 38. Kc4 Kc6 39. Kd3 Kc5 40. c4
Kb4 41. c5 Kxc5 42. Kc3 Kb6 {Game drawn by mutual agreement} 1/2-1/2

[Event "Team 45 45 League T56"]
[Site "Internet Chess Club"]
[Date "2013.03.01"]
[Round "2"]
[White "drsigmund1"]
[Black "rookmaster23"]
[Result "0-1"]
[WhiteElo "1590"]
[BlackElo "1652"]
[Opening "King's Indian: London system"]
[ECO "A48"]
[Time "20:00:45"]
[TimeControl "2700+45"]

1. d4 Nf6 2. Nf3 g6 3. Bf4 Bg7 4. e3 d6 5. h3 O-O 6. Be2 Nbd7 7. O-O Nh5 8. Bg5
h6 9. Bh4 c5 10. c3 Ndf6 11. Nbd2 Bf5 12. g4 Nxg4 13. hxg4 Bxg4 14. Nh2 Bxe2 15.
Qxe2 Qd7 16. Qf3 Rac8 17. Ne4 cxd4 18. exd4 d5 19. Nc5 Qc6 20. Bxe7 Rfe8 21.
Rfe1 b6 22. Nd3 Rc7 23. Ba3 Nf6 24. Rxe8+ Qxe8 25. Re1 Ne4 26. Qf4 Rc6 27. f3
Rf6 28. Qc7 Qe6 29. Qd8+ Kh7 30. fxe4 dxe4 31. Ne5 Qh3 32. Qd7 Qg3+ 33. Kh1
Qxe1+ 34. Kg2 Rf2+ 35. Kh3 Qe3+ 36. Kh4 Rxh2+ 37. Kg4 h5# {White checkmated} 0-1

[Event "Team 45 45 League T56"]
[Site "Internet Chess Club"]
[Date "2013.03.02"]
[Round "2"]
[White "sdcohle"]
[Black "SirIvanhoe"]
[Result "1/2-1/2"]
[WhiteElo "1420"]
[BlackElo "1475"]
[Opening "QGD Slav defense"]
[ECO "D18"]
[Time "22:00:27"]
[TimeControl "2700+45"]

1. d4 d5 2. c4 c6 3. Nc3 dxc4 4. a4 Nf6 5. e3 Bf5 6. Bxc4 e6 7. Nf3 Nbd7 8. O-O
Bg4 9. h3 Bh5 10. Be2 Bb4 11. Bd2 O-O 12. Nh2 Bxe2 13. Qxe2 a5 14. Nf3 Qb6 15.
Rad1 Nd5 16. Qc4 Rfc8 17. Ne4 Qa6 18. Qb3 c5 19. Bxb4 cxb4 20. Rc1 Rc6 21. Rc2
Rac8 22. Rfc1 Rxc2 23. Rxc2 Rxc2 24. Qxc2 Qa8 {Game drawn by mutual agreement}
1/2-1/2

[Event "Team 45 45 League T56"]
[Site "Internet Chess Club"]
[Date "2013.02.27"]
[Round "2"]
[White "SeniorCitizen"]
[Black "smsxman"]
[Result "1-0"]
[WhiteElo "1315"]
[BlackElo "1448"]
[Opening "Danish gambit"]
[ECO "C21"]
[Time "10:30:26"]
[TimeControl "2700+45"]

1. e4 e5 2. d4 exd4 3. c3 dxc3 4. Bc4 cxb2 5. Bxb2 Bb4+ 6. Nd2 Nc6 7. Bxg7 Bxd2+
8. Qxd2 Qe7 9. Bxh8 Qxe4+ 10. Qe2 Qxe2+ 11. Nxe2 f6 12. O-O Ne5 13. Bb3 c6 14.
Rfe1 d5 15. f4 Nd3 16. Rf1 Kf7 17. Rad1 Bf5 18. Ng3 Be4 19. Nxe4 {Black resigns}
1-0

[Event "Team 45 45 League T56"]
[Site "Internet Chess Club"]
[Date "2013.03.01"]
[Round "2"]
[White "Toalla"]
[Black "lawth3"]
[Result "0-1"]
[WhiteElo "1382"]
[BlackElo "1319"]
[Opening "Caro-Kann defense"]
[ECO "B10"]
[Time "12:09:35"]
[TimeControl "2700+45"]

1. e4 c6 2. Nf3 d5 3. exd5 cxd5 4. d4 Nf6 5. c4 dxc4 6. Bxc4 Bg4 7. O-O Bxf3 8.
Qxf3 Nc6 9. Bb5 Rc8 10. Nc3 Qxd4 11. Rd1 Qb4 12. a3 Qb3 13. Rb1 a6 14. Ba4 Qb6
15. Bf4 e6 16. Ne2 Be7 17. Nd4 O-O 18. Nxc6 bxc6 19. Bg5 h6 20. Bxf6 Bxf6 21. b4
Rfd8 22. Kf1 Rxd1+ 23. Rxd1 a5 24. Rd6 axb4 25. axb4 Qa6+ 26. Qd3 Qxa4 {White
resigns} 0-1

[Event "Team 45 45 League T56"]
[Site "Internet Chess Club"]
[Date "2013.03.04"]
[Round "2"]
[White "clarinetref"]
[Black "ILRE"]
[Result "1/2-1/2"]
[WhiteElo "1653"]
[BlackElo "1644"]
[Opening "Réti: Nimzovich-Larsen attack"]
[ECO "A06"]
[Time "20:30:44"]
[TimeControl "2700+45"]

1. Nf3 d5 2. b3 Bg4 3. e3 c6 4. Be2 Nd7 5. Bb2 Ngf6 6. h3 Bh5 7. d4 e6 8. Nbd2
h6 9. O-O Be7 10. Re1 O-O 11. c4 Re8 12. a3 a5 13. Ne5 Bxe2 14. Qxe2 Qc7 15.
Ndf3 Ne4 16. cxd5 exd5 17. Rec1 Ndf6 18. Qe1 Qb6 19. Qd1 Qd8 20. Nd3 Bd6 21.
Nfe5 Nd7 22. Nxd7 Qxd7 23. Nc5 Bxc5 24. dxc5 Qf5 25. Rc2 Re6 26. Qg4 Qxg4 27.
hxg4 Rae8 28. b4 a4 29. Bd4 Rg6 30. f3 Ng5 31. Rb1 Ne6 32. b5 Nxd4 33. exd4 Re3
34. Ra2 Rge6 35. Kf2 Rd3 36. Rb4 cxb5 37. Rxb5 Rxd4 38. Rxb7 Rc4 39. Rb8+ Kh7
40. Rb4 Rc6 41. Rxc4 dxc4 42. Ke3 Rxc5 43. Kd4 Rc8 44. Rc2 Rd8+ 45. Kc5 c3 46.
Rxc3 Rc8+ 47. Kb4 Ra8 48. Rc5 Re8 49. Kxa4 Re2 50. Rc3 Rxg2 51. Kb4 Rb2+ 52. Rb3
Rd2 53. a4 f5 54. gxf5 h5 55. f4 Rd4+ 56. Kb5 Rxf4 57. Rh3 Rxf5+ 58. Kb6 Kh6 59.
a5 Rf1 60. Ra3 h4 61. a6 Kh5 62. a7 Rf8 63. Ra5+ Kg4 64. Ra4+ Kh5 65. Rf4 Rxf4
66. a8=Q g5 67. Qh8+ Kg4 68. Qc8+ Kg3 69. Qc3+ Rf3 70. Qe5+ Kg4 71. Qe4+ Rf4 72.
Qg2+ Kh5 73. Kc6 Kg6 74. Kd6 Kf6 75. Qb2+ Kf5 76. Qc2+ Kf6 77. Qe2 Kg6 78. Ke6
Rf6+ 79. Ke7 Rf4 80. Qe6+ Kh5 81. Qe2+ Kg6 82. Qe6+ Kh5 83. Qe2+ Kg6 {Game drawn
by repetition} 1/2-1/2

[Event "Team 45 45 League T56"]
[Site "Internet Chess Club"]
[Date "2013.03.03"]
[Round "2"]
[White "Gilguli"]
[Black "jjaillet2007"]
[Result "0-1"]
[WhiteElo "1353"]
[BlackElo "1448"]
[Opening "Queen's pawn game"]
[ECO "D02"]
[Time "15:00:58"]
[TimeControl "2700+45"]

1. d4 d5 2. Nf3 e6 3. c4 c5 4. cxd5 exd5 5. e3 Nc6 6. Bb5 Qb6 7. Nc3 a6 8. Ba4
Nf6 9. dxc5 Bxc5 10. O-O O-O 11. Nxd5 Nxd5 12. Qxd5 Ne7 13. Qd1 Bg4 14. h3 Bh5
15. Bc2 h6 16. b3 Rad8 17. Qe2 Nd5 18. Bb2 Rfe8 19. Rad1 Nf4 20. Qc4 Nxh3+ 21.
Kh2 Bxf3 22. Kxh3 Bxd1 23. Bxd1 Qe6+ 24. Qxe6 Rxe6 25. Bg4 Re4 26. Rc1 b6 27.
Bf3 Re6 28. Bg4 Red6 29. Bd4 Bxd4 30. exd4 Rxd4 31. Rc6 R4d6 32. Rc7 Rd3+ 33.
Kh2 Rd2 34. Kg3 Rxa2 35. Bf5 g6 36. Be4 Ra3 37. Bc2 a5 38. f3 Ra2 39. Be4 Rb2
40. Rb7 {White resigns} 0-1

[Event "Team 45 45 League T56"]
[Site "Internet Chess Club"]
[Date "2013.03.02"]
[Round "2"]
[White "Aquaman"]
[Black "arnx813"]
[Result "0-1"]
[WhiteElo "1315"]
[BlackElo "1150"]
[Opening "Réti: King's Indian attack (Barcza system)"]
[ECO "A07"]
[Time "10:31:07"]
[TimeControl "2700+45"]

1. Nf3 d5 2. g3 Nf6 3. Bg2 e6 4. O-O Bd6 5. d3 O-O 6. Nbd2 c5 7. Re1 Nc6 8. e4
dxe4 9. dxe4 e5 10. b3 b5 11. a4 b4 12. Bb2 Re8 13. h3 a5 14. Nc4 Nd4 15. Nxd6
Qxd6 16. Nd2 Ba6 17. c3 Nc6 18. Qc2 Bd3 19. Qc1 Rad8 20. Nc4 Bxc4 21. bxc4 bxc3
22. Bxc3 Qd3 23. Bf1 Qd6 24. Qc2 Rb8 25. Qd3 Qxd3 26. Bxd3 Red8 27. Bf1 Rb3 28.
Bd2 Rxd2 29. Bg2 Rbb2 30. Rf1 Nd4 31. Rab1 Ne2+ 32. Kh1 Nxg3+ 33. Kg1 Nxf1 34.
Rxf1 Nh5 35. Bf3 Nf4 36. Bg4 h5 37. Bc8 g5 38. Bd7 Rxd7 {White resigns} 0-1

[Event "Team 45 45 League T56"]
[Site "Internet Chess Club"]
[Date "2013.03.04"]
[Round "2"]
[White "CzwartyWymiar"]
[Black "kidcobra"]
[Result "0-1"]
[WhiteElo "1769"]
[BlackElo "1748"]
[Opening "Blackmar gambit"]
[ECO "D00"]
[Time "16:03:21"]
[TimeControl "2700+45"]

1. d4 d5 2. e4 dxe4 3. Nc3 Nf6 4. f3 exf3 5. Qxf3 e6 6. Bg5 Be7 7. O-O-O O-O 8.
Bd3 Nfd7 9. h4 f6 10. Qh5 g6 11. Bxg6 hxg6 12. Qxg6+ Kh8 13. Nf3 Qe8 14. Qh6+
Kg8 15. Ne4 Qf7 16. Be3 Qg7 17. Qf4 f5 18. Neg5 Bd6 19. Ne5 Nxe5 20. dxe5 Bxe5
21. Qf2 Bxb2+ 22. Kb1 Nc6 23. Rd3 Bf6 24. Qe2 Rd8 25. Rhd1 Rxd3 26. Rxd3 Ne5 27.
Rd2 Bxg5 28. hxg5 Nc6 29. Qh5 Bd7 30. g6 Be8 31. g4 Bxg6 32. Qh4 f4 33. Bxf4 Rf8
34. Bh6 Rf1+ {White resigns} 0-1

[Event "Team 45 45 League T56"]
[Site "Internet Chess Club"]
[Date "2013.03.02"]
[Round "2"]
[White "RamRock"]
[Black "knightstormala"]
[Result "1-0"]
[WhiteElo "1831"]
[BlackElo "1770"]
[Opening "Sicilian defense"]
[ECO "B20"]
[Time "10:04:57"]
[TimeControl "2700+45"]

1. e4 c5 2. d3 Nc6 3. g3 g6 4. Bg2 Bg7 5. f4 d6 6. Nf3 Nf6 7. O-O O-O 8. c3 Bg4
9. Nbd2 Qd7 10. Nc4 b5 11. Ne3 Bxf3 12. Qxf3 Rac8 13. g4 e6 14. h4 Ne7 15. f5
exf5 16. exf5 gxf5 17. Nxf5 Nxf5 18. Qxf5 Qxf5 19. gxf5 Nd7 20. Bf4 Be5 21. Rad1
Bxf4 22. Rxf4 Nf6 23. d4 Rfe8 24. dxc5 dxc5 25. Rd6 Nh5 26. Rg4+ Kh8 27. Kf2
Rcd8 28. Rxd8 Rxd8 29. Rg5 Nf6 30. Ke2 Re8+ 31. Kd1 Ne4 32. Bxe4 Rxe4 33. f6 Re6
34. Rxc5 a6 35. Rc8+ {Black resigns} 1-0

[Event "Team 45 45 League T56"]
[Site "Internet Chess Club"]
[Date "2013.03.03"]
[Round "2"]
[White "Megasus"]
[Black "toukon"]
[Result "0-1"]
[WhiteElo "1573"]
[BlackElo "1721"]
[Opening "QGD Slav: 4.e3 Bf5"]
[ECO "D12"]
[Time "22:02:21"]
[TimeControl "2700+45"]

1. Nf3 d5 2. e3 Nf6 3. d4 Bf5 4. c4 c6 5. Nc3 e6 6. Qb3 Qc7 7. h3 Be7 8. a3 Nbd7
9. Qd1 h6 10. b3 O-O 11. Bd3 Bxd3 12. Qxd3 e5 13. Nd2 e4 14. Qe2 Nb6 15. O-O Nh7
16. f3 f5 17. f4 Bh4 18. Kh2 Be7 19. Bb2 Nf6 20. Rf2 Qd7 21. Rg1 Kh7 22. c5 Nc8
23. g4 g6 24. Rfg2 Rg8 25. Nf1 Ne8 26. Ng3 Ng7 27. gxf5 Nxf5 28. Nd1 Nh4 29. Rf2
Nf3+ 30. Rxf3 exf3 31. Qxf3 Bf6 32. Nf2 Ne7 33. Ng4 Bg7 34. Nf2 Rae8 35. Ng4 Nf5
36. Ne5 Bxe5 37. fxe5 Nh4 38. Qf6 Qe7 39. Qxe7+ Rxe7 40. Rf1 Kg7 41. Ne2 Rf7 42.
Nf4 Kf8 43. Bc3 Ke7 44. Bd2 g5 45. Kg3 Nf5+ 46. Kh2 gxf4 47. Rxf4 Ng3 {White
resigns} 0-1

[Event "Team 45 45 League T56"]
[Site "Internet Chess Club"]
[Date "2013.03.04"]
[Round "2"]
[White "Sir-Sinister"]
[Black "Philly-Boy"]
[Result "1-0"]
[WhiteElo "1988"]
[BlackElo "1813"]
[Opening "English, Kramnik-Shirov counterattack"]
[ECO "A21"]
[Time "21:03:12"]
[TimeControl "2700+45"]

1. c4 e5 2. Nc3 Bb4 3. Nf3 Bxc3 4. bxc3 d6 5. d3 Ne7 6. g3 O-O 7. Bg2 Nbc6 8.
O-O f6 9. Rb1 b6 10. Nd2 Qe8 11. f4 Qh5 12. fxe5 fxe5 13. Rxf8+ Kxf8 14. Ne4 Bg4
15. h3 Bxh3 16. Qf1+ Bf5 17. Ng5 h6 18. Bxc6 Nxc6 19. Qxf5+ Kg8 20. Qh7+ Kf8 21.
Qh8+ Ke7 {Black resigns} 1-0

[Event "Team 45 45 League T56"]
[Site "Internet Chess Club"]
[Date "2013.03.04"]
[Round "2"]
[White "FourKnights"]
[Black "Inquisiteur"]
[Result "0-1"]
[WhiteElo "1753"]
[BlackElo "1725"]
[Opening "Bogo-Indian defense, Grünfeld variation"]
[ECO "E11"]
[Time "17:03:28"]
[TimeControl "2700+45"]

1. d4 Nf6 2. c4 e6 3. Nf3 Bb4+ 4. Nbd2 b6 5. a3 Bxd2+ 6. Qxd2 Bb7 7. g3 d5 8. b3
Nbd7 9. Bg2 Ne4 10. Qc2 O-O 11. O-O a5 12. Bf4 Rc8 13. Ne5 Nxe5 14. Bxe5 f6 15.
Bf4 g5 16. Be3 Nd6 17. cxd5 Bxd5 18. Bc1 Bxg2 19. Kxg2 Nf5 20. e3 c5 21. dxc5
Rxc5 22. Qe4 Qa8 23. Qxa8 Rxa8 24. Bb2 Rc2 25. Bxf6 Nxe3+ 26. Kg1 Nxf1 27. Kxf1
Rf8 28. Bd4 b5 29. b4 a4 30. Re1 Ra2 31. Rxe6 Rxa3 32. Re7 Rd8 33. Bf6 Rd5 34.
Rg7+ Kf8 35. Rxh7 Rb3 36. Be7+ Kg8 37. Rh6 Kf7 38. Rh7+ Kg6 39. Rh8 a3 40. Ra8
Rd2 41. Ra5 a2 42. Ra6+ Kf5 43. Bf6 Rb1+ 44. Kg2 g4 45. Bg7 Rdd1 46. f4 a1=Q 47.
Bxa1 Rxa1 {White resigns} 0-1

[Event "Team 45 45 League T56"]
[Site "Internet Chess Club"]
[Date "2013.03.04"]
[Round "2"]
[White "NimzoMal"]
[Black "pishd"]
[Result "1/2-1/2"]
[WhiteElo "1676"]
[BlackElo "1799"]
[Opening "QGD: Janowski variation"]
[ECO "D31"]
[Time "11:03:52"]
[TimeControl "2700+45"]

1. d4 d5 2. c4 e6 3. Nc3 a6 4. Nf3 dxc4 5. a4 Nf6 6. Bg5 c5 7. dxc5 Qxd1+ 8.
Rxd1 Bxc5 9. e3 Bb4 10. Bxc4 Bxc3+ 11. bxc3 Bd7 12. Bxf6 gxf6 13. Bb3 Bc6 14.
Ke2 Rg8 15. Rhg1 Nd7 16. Rd4 Nc5 17. Bc2 Rc8 18. h3 Rg7 19. g3 Rg8 20. Rgd1 Ke7
21. Rh4 h6 22. Nd2 f5 23. Rb1 Rg6 24. Rd4 Rd8 25. Rxd8 Kxd8 26. Rb4 Kc7 27. e4
a5 28. Rc4 Nxe4 {Game drawn by mutual agreement} 1/2-1/2

[Event "Team 45 45 League T56"]
[Site "Internet Chess Club"]
[Date "2013.03.03"]
[Round "2"]
[White "xt"]
[Black "Innes"]
[Result "1-0"]
[WhiteElo "1679"]
[BlackElo "1676"]
[Opening "Giuoco Pianissimo: Italian four knights variation"]
[ECO "C55"]
[Time "17:08:52"]
[TimeControl "2700+45"]

1. e4 e5 2. Nf3 Nc6 3. Bc4 Nf6 4. d3 Bc5 5. Nc3 h6 6. h3 d6 7. O-O Be6 8. Bb3
Nd4 9. Nxd4 Bxd4 10. Be3 Bb6 11. Qd2 Qe7 12. f4 Bxb3 13. axb3 Bxe3+ 14. Qxe3
exf4 15. Rxf4 a6 16. Re1 O-O 17. Ref1 Nd7 18. Nd5 Qg5 19. Qf2 c6 20. Rg4 Qd8 21.
Ne3 Ne5 22. Rg3 Ng6 23. Nf5 Kh8 24. Qd4 Qf6 25. Qxf6 gxf6 26. Nxd6 Rab8 27. Rxf6
Kh7 28. Rxf7+ Rxf7 29. Nxf7 Rf8 30. Nd6 b6 31. Rf3 Rd8 32. Nf5 c5 33. Ne7 Nxe7
34. Rf7+ Kg6 35. Rxe7 Rd6 36. e5 Rc6 37. Kf2 b5 38. Ke3 Kf5 39. g4+ Kg5 40. Rd7
Re6 41. Ke4 Re8 42. Rd6 a5 43. Rb6 b4 44. Rc6 Rh8 45. Rxc5 Kh4 46. e6 Kxh3 47.
Kf4 Rf8+ 48. Rf5 Re8 49. Rh5+ {Black resigns} 1-0

[Event "Team 45 45 League T56"]
[Site "Internet Chess Club"]
[Date "2013.03.02"]
[Round "2"]
[White "Packerfan"]
[Black "AVEMARIA"]
[Result "1-0"]
[WhiteElo "1923"]
[BlackElo "1645"]
[Opening "French: Burn variation"]
[ECO "C11"]
[Time "10:02:06"]
[TimeControl "2700+45"]

1. e4 e6 2. d4 d5 3. Nc3 Nf6 4. Bg5 dxe4 5. Nxe4 Nbd7 6. Nf3 h6 7. Nxf6+ Nxf6 8.
Bh4 Be7 9. Bd3 O-O 10. O-O b6 11. c3 Bb7 12. Re1 c5 13. Bc2 Rc8 14. Qd3 g6 15.
Ne5 c4 16. Qg3 Nh5 17. Bxe7 Qxe7 18. Nxg6 Nxg3 19. Nxe7+ {Black resigns} 1-0

[Event "Team 45 45 League T56"]
[Site "Internet Chess Club"]
[Date "2013.03.03"]
[Round "2"]
[White "Kingofknights"]
[Black "amicusUK"]
[Result "1-0"]
[WhiteElo "1650"]
[BlackElo "1617"]
[Opening "QGD: Orthodox defense, Rubinstein variation"]
[ECO "D61"]
[Time "09:00:06"]
[TimeControl "2700+45"]

1. d4 d5 2. c4 e6 3. Nc3 Nf6 4. Bg5 Be7 5. e3 O-O 6. Nf3 Nbd7 7. Qc2 a6 8. c5 c6
9. Be2 Ne8 10. Bxe7 Qxe7 11. b4 Nc7 12. O-O e5 13. dxe5 Nxe5 14. Nxe5 Qxe5 15.
Bd3 g6 16. e4 f5 17. exd5 Nxd5 18. Nxd5 cxd5 19. Rfe1 Qc7 20. Qc3 Qg7 21. Qxg7+
Kxg7 22. Re7+ Rf7 23. Re5 Bd7 24. Rxd5 Bc6 25. Rd6 Re8 26. Bxa6 Ba4 27. Bc4 Rfe7
28. f3 Rc8 29. Kf2 Rc6 30. Rd5 b6 31. Bb3 Ra7 32. Bxa4 Rxa4 33. b5 Rxc5 34. Rxc5
bxc5 35. Rb1 Rxa2+ 36. Ke3 Ra3+ 37. Kd2 Kf7 38. b6 Ra8 39. b7 Rb8 40. Kc3 Ke6
41. Kc4 Kd6 42. Rb6+ Kc7 43. Kxc5 Rxb7 44. Rxb7+ Kxb7 45. Kd6 Kc8 46. Ke7 Kc7
47. Kf6 Kd7 48. h4 Ke8 49. h5 gxh5 50. Kxf5 Kf7 51. Kg5 h4 52. Kxh4 Kg6 53. Kg4
h6 54. f4 h5+ 55. Kh4 Kf5 56. Kxh5 Kxf4 57. g4 Ke5 58. g5 Ke6 59. Kh6 Kf7 60.
Kh7 {Black resigns} 1-0